 Dungeon Crawl Stone Soup version 0.29-a0-962-gc8bbfd0a37 (webtiles) character file.

Game seed: 8827549598557167679

36 Sabo the Conjurer (level 3, -5/21 HPs)
             Began as an Octopode Conjurer on July 30, 2022.
             Was a Believer of Lugonu.
             Killed from afar by Sigmund (9 damage)
             ... with a puff of flame
             ... on level 2 of the Dungeon.
             The game lasted 00:11:19 (2736 turns).

Sabo the Conjurer (Octopode Conjurer)               Turns: 2736, Time: 00:11:19

Health: -5/21      AC:  1    Str:  6    XL:     3   Next: 37%
Magic:  2/6        EV: 13    Int: 22    God:    Lugonu [**....]
Gold:   104        SH:  0    Dex: 10    Spells: 3/6 levels left

rFire   . . .      SeeInvis .   e - +1 short sword (venom)
rCold   . . .      Faith    .   (no shield)
rNeg    . . .      Spirit   .   (helmet restricted)
rPois   .          Reflect  .   (no amulet)
rElec   .          Harm     .   l - ring of willpower
rCorr   .          Rampage  .   (no ring)
Will    +....                   (no ring)
Stlth   +++.......              (no ring)
HPRegen 0.07/turn               (no ring)
MPRegen 0.10/turn               (no ring)
                                (no ring)
                                (no ring)

@: no status effects
A: almost no armour, amphibious, 8 rings, camouflage 1, gelatinous body 1,
(nimble swimmer 1), tentacles
a: Renounce Religion, Depart the Abyss, Bend Space


You were on level 2 of the Dungeon.
You worshipped Lugonu.
Lugonu was pleased with you.
You visited 1 branch of the dungeon, and saw 2 of its levels.

You collected 104 gold pieces.

Inventory:

Hand Weapons
 e - a +1 short sword of venom (weapon)
 i - a +0 sling
Missiles
 g - 4 javelins (quivered)
Jewellery
 l - a ring of willpower (left tentacle)
Scrolls
 j - a scroll of teleportation
 m - a scroll of fog
Potions
 a - a potion of magic
 b - a potion of ambrosia {unknown}
 c - a potion of invisibility {unknown}
 d - 2 potions of curing {unknown}
 f - a potion of might {unknown}
 h - a potion of mutation {unknown}


   Skills:
 + Level 2.1 Dodging
 + Level 3.2 Stealth
 + Level 2.2 Spellcasting
 + Level 4.7 Conjurations


You had 3 spell levels left.
You knew the following spells:

 Your Spells              Type           Power      Damage    Failure   Level
a - Magic Dart            Conj           92%        1d7       1%          1
b - Searing Ray           Conj           46%        2d6       3%          2

Your spell library contained the following spells:

 Spells                   Type           Power      Damage    Failure   Level
 Dazzling Flash           Conj/Hex       24%        N/A       16%         3
 Gell's Gravitas          Tloc           2%         N/A       38%         3
 Lesser Beckoning         Tloc           2%         N/A       38%         3
 Teleport Other           Tloc           2%         N/A       38%         3
 Fulminant Prism          Conj/Hex       6%         3d7       45%         4
 Iskenderun's Mystic Bla  Conj/Tloc      12%        2d5       45%         4


Dungeon Overview and Level Annotations

Branches:
Dungeon (2/15)

Altars:
Lugonu

Annotations:
D:2 Sigmund


Innate Abilities, Weirdness & Mutations

You cannot wear most types of armour.
You are amphibious.
You can wear up to eight rings at the same time.
Your skin changes colour to match your surroundings (Stealth+).
Your rubbery body absorbs attacks. (AC +1, EV +1)
((You are camouflaged when in or above water. (Stealth+)))
You have tentacles for arms and can constrict up to eight enemies at once.


Message History

Unknown command.
Casting: Magic Dart (safe; 1% risk of failure)
Confirm with . or Enter, or press ? or * to list all spells.
Aiming: Magic Dart (safe; 1% risk of failure)
Press: ? - help, Shift-Dir - straight line, f - Sigmund
Aim: Sigmund, wielding a +2 scythe of protection and wearing a +0 robe (100% to hit)
The magic dart hits Sigmund but does no damage.
Casting: Magic Dart (safe; 1% risk of failure)
Confirm with . or Enter, or press ? or * to list all spells.
Aiming: Magic Dart (safe; 1% risk of failure)
Press: ? - help, Shift-Dir - straight line, f/p - Sigmund
Aim: Sigmund, wielding a +2 scythe of protection and wearing a +0 robe (100% to hit)
The magic dart hits Sigmund.
Sigmund is lightly wounded.
Sigmund misses you.
Unknown command.
Casting: Magic Dart (safe; 1% risk of failure)
Confirm with . or Enter, or press ? or * to list all spells.
Aiming: Magic Dart (safe; 1% risk of failure)
Press: ? - help, Shift-Dir - straight line, f/p - Sigmund
Aim: Sigmund, wielding a +2 scythe of protection and wearing a +0 robe (lightly wounded, 100% to hit)
The magic dart hits Sigmund.
Sigmund is lightly wounded.
Casting: Magic Dart (safe; 1% risk of failure)
Confirm with . or Enter, or press ? or * to list all spells.
Aiming: Magic Dart (safe; 1% risk of failure)
Press: ? - help, Shift-Dir - straight line, f/p - Sigmund
Aim: Sigmund, wielding a +2 scythe of protection and wearing a +0 robe (lightly wounded, 100% to hit)
The magic dart hits Sigmund but does no damage.
Sigmund is lightly wounded.
Sigmund hits you from afar with a +2 scythe of protection!
Ouch! That really hurt!
Sigmund hits you with a +2 scythe of protection.
* * * LOW HITPOINT WARNING * * *
You barely miss Sigmund. Your grab misses Sigmund.
Sigmund is lightly wounded.
Space bends violently around you!
You blink.
Sigmund points at you and mumbles some strange words.
The puff of flame hits you!
You die...

#!#.#.#.#...# . ...........# ..
#.#.#.#.#.#..####.##
...................
.......###...?..... #######.#.#
##@####.# # #.........# #.# #
#.........# #.# # #..#####..#
#@# # # #..#(($#..# ##.## #. ##
# #..#:$)#..###...## #..#.# ##
#..#[??#..##.....#####.....###.
#..#####..#....................
#..............................
#.........#.......###..)....###
######..####.....## #......## #
#..# ##...## #...... #


You could see Sigmund.

Vanquished Creatures
  2 dart slugs (D:1)
  2 ball pythons
  4 bats
  4 endoplasms
  5 hobgoblins
  2 quokkas
  4 frilled lizards
  3 goblins
  3 kobolds
29 creatures vanquished.

Notes
Turn   | Place    | Note
-------+----------+-------------------------------------------
     0 | D:1      | Sabo the Octopode Conjurer began the quest for the Orb.
     0 | D:1      | Reached XP level 1. HP: 11/11 MP: 3/3
   484 | D:1      | Found a faded altar of an unknown god.
   502 | D:1      | Reached XP level 2. HP: 12/17 MP: 0/5
   769 | D:1      | Prayed at the altar of an unknown god.
   769 | D:1      | Became a worshipper of Lugonu the Unformed
   769 | D:1      | Reached * piety under Lugonu
   769 | D:1      | Reached ** piety under Lugonu
  1845 | D:2      | Reached XP level 3. HP: 20/21 MP: 3/6
  1999 | D:2      | Learned a level 2 spell: Searing Ray
  2724 | D:2      | Noticed Sigmund
  2736 | D:2      | Killed from afar by Sigmund

Illustrated notes

Levels and vault maps discovered:
D:1:      dpeg_chamrin_arrival_tetris, layout_basic,
          ebering_ecumenical_altar_mist
D:2:      layout_loops_ring, minmay_misc_feat_pillars, due_unseen_surprise,
          uniq_sigmund

Skill      XL: |  1  2 |
---------------+-------+-----
Stealth        | 3 |  3.2
Dodging        | |  2.1
Spellcasting   | |  2.2
Conjurations   | |  4.7

Action                   || total
-------------------------++-------
Melee: Short sword       ||    10
       Tentacles         ||     2
       Constrict         ||     1
Throw: Javelin           ||     1
 Cast: Magic Dart        ||    46
Invok: Bend Space        ||     5
  Use: Scroll            ||     2
 Stab: Sleeping          ||     1
Dodge: Dodged            ||    12

Table legend: (Time is in decaauts)
 A = Elapsed time spent in this place.
 B = Non-inter-level travel time spent in this place.
 C = Inter-level travel time spent in this place.
 D = Time resting spent in this place.
 E = Time spent auto-exploring this place.
 F = Levels seen in this place.
 G = Mean time per level.
                   A        B        C        D        E       F      G
               +--------+--------+--------+--------+--------+-----+--------+
         Total |   2735 |   2735 |      0 |   1392 |      0 |   2 | 1367.5 |
       Dungeon |   2735 |   2735 |      0 |   1392 |      0 |   2 | 1367.5 |
               +--------+--------+--------+--------+--------+-----+--------+

Top non-repeatable levels by time:
     D:1: 1792 daAuts
     D:2: 942 daAuts
